 Dungeon Crawl Stone Soup version 0.25-b1-37-g2669288c55 (webtiles) character file.

Game seed: 6209947751503426984

307 Curus the Poker (level 6, 0/51 HPs)
             Began as a Minotaur Fighter on June 4, 2020.
             Was an Initiate of Okawaru.
             Killed by divine providence
             ... invoked by an orc priest
              (14 damage)
             ... on level 4 of the Dungeon.
             The game lasted 00:12:55 (2787 turns).

Curus the Poker (Minotaur Fighter)                  Turns: 2787, Time: 00:12:56

Health: 0/51       AC:  9    Str: 18 (20) XL:     6   Next: 16%
Magic:  5/5        EV:  9    Int:  7      God:    Okawaru [......]
Gold:   219        SH:  9    Dex:  8 (10) Spells: 5/5 levels left

rFire    . . .     SeeInvis .   a - +1 trident
rCold    . . .     Gourm    .   c - +1 kite shield
rNeg     . . .     Faith    .   i - +0 chain mail
rPois    .         Spirit   .   (helmet restricted)
rElec    .         Reflect  .   (no cloak)
rCorr    .         Harm     .   (no gloves)
MR       +....                  (no boots)
Stlth    ..........             (no amulet)
HPRegen  0.00/turn              h - +4 ring of evasion
MPRegen  0.09/turn              (no ring)

@: mighty
A: retaliatory headbutt, hooves 1, horns 2, blurry vision 1, magic resistance 1,
inhibited regeneration
a: Renounce Religion


You were on level 4 of the Dungeon.
You worshipped Okawaru.
Okawaru was noncommittal.
You were not hungry.

You visited 1 branch of the dungeon, and saw 4 of its levels.

You collected 219 gold pieces.

Inventory:

Hand Weapons
 a - a +1 trident (weapon)
Armour
 b - a +0 scale mail
 c - a +1 kite shield (worn)
 i - a +0 chain mail (worn)
Jewellery
 h - a +4 ring of evasion (left hand)
Scrolls
 e - 2 scrolls of random uselessness
 g - a scroll of enchant weapon
 j - 2 scrolls of identify
 k - 2 scrolls of teleportation
Potions
 d - 3 potions of might
Comestibles
 f - 13 rations


   Skills:
 - Level 3.6 Fighting
 + Level 7.9 Polearms
 - Level 3.6 Armour
 - Level 3.6 Shields


You had 5 spell levels left.
You didn't know any spells.
Your spell library was empty.

Dungeon Overview and Level Annotations

Branches:
Dungeon (4/15)
 Temple: D:4-7

Altars:
Ashenzari
Okawaru
Ru
Sif Muna


Innate Abilities, Weirdness & Mutations

You reflexively headbutt those who attack you in melee.
You have a pair of horns on your head.
You have large cloven feet.
Scrolls take you a little longer to read.
You are resistant to hostile enchantments. (MR+)
You do not regenerate when monsters are visible.


Message History

The hound bites you but does no damage.
Items here: )) †† a +0 club x2; a hobgoblin corpse; a goblin corpse You impale the hound!!
You kill the hound!
Okawaru accepts your kill. The hobgoblin misses you.
You block the orc wizard's attack.
You puncture Robin!
Robin is heavily wounded.
Robin hits you but does no damage.
The hobgoblin hits you but does no damage.
The orc wizard hits you but does no damage.
You puncture Robin!
You kill Robin!
Okawaru accepts your kill.
The hobgoblin no longer looks unusually strong.
The orc wizard barely misses you. The hobgoblin misses you.
The orc priest invokes the aid of Beogh against you.
Beogh smites you!
You die...

#... .## ######....##..#
##.. #........####.##
#.......## ##.# #....<..#
##. #......## ## #......# .
##......## ...
###........## ###
.....####g@.#####...#####..
......ohog### ###......##
...$...o(## ##...###
##.....o## #..## ##.....#
##.# ##..... #.# ##....
#.### #..## #...# ### #####


You could see a howler monkey, an orc priest, an orc wizard, 2 orcs and 2
hobgoblins.

Vanquished Creatures
  A necrophage (D:4)
  A howler monkey (D:4)
  A hound (D:4)
  Robin (D:4)
  7 adders
  2 worms
  2 leopard geckos
  4 giant cockroaches
  11 hobgoblins
  6 jackals (D:3)
  10 kobolds
  A quokka (D:2)
  11 bats
  3 frilled lizards
  11 goblins
  10 rats
82 creatures vanquished.

Notes
Turn   | Place    | Note
-------+----------+-------------------------------------------
     0 | D:1      | Curus the Minotaur Fighter began the quest for the Orb.
     0 | D:1      | Reached XP level 1. HP: 19/19 MP: 0/0
   226 | D:1      | Reached skill level 3 in Polearms
   285 | D:1      | Reached XP level 2. HP: 26/26 MP: 1/1
   648 | D:1      | Reached skill level 4 in Polearms
   924 | D:2      | Reached XP level 3. HP: 31/31 MP: 2/2
   945 | D:2      | Gained mutation: Scrolls take you a little longer to read.
                  | [potion of mutation]
   945 | D:2      | Gained mutation: You do not regenerate when monsters are
                  | visible. [potion of mutation]
   945 | D:2      | Gained mutation: You are resistant to hostile enchantments.
                  | (MR+) [potion of mutation]
   945 | D:2      | Gained mutation: You have large cloven feet. [potion of
                  | mutation]
  1101 | D:2      | Found a shattered altar of Ashenzari.
  1141 | D:2      | Reached skill level 5 in Polearms
  1188 | D:2      | Reached XP level 4. HP: 35/39 MP: 3/3
  1332 | D:2      | Found a shimmering blue altar of Sif Muna.
  1632 | D:2      | Found an iron altar of Okawaru.
  1636 | D:2      | Became a worshipper of Warmaster Okawaru
  1639 | D:2      | Found a sacrificial altar of Ru.
  2086 | D:3      | Reached skill level 6 in Polearms
  2507 | D:4      | Noticed a necrophage
  2517 | D:4      | Killed a necrophage
  2517 | D:4      | Reached skill level 7 in Polearms
  2517 | D:4      | Reached XP level 5. HP: 45/45 MP: 4/4
  2768 | D:4      | Noticed Robin
  2783 | D:4      | Reached XP level 6. HP: 14/51 MP: 5/5
  2787 | D:4      | Killed Robin
  2787 | D:4      | Killed from afar by an orc priest

Illustrated notes

Levels and vault maps discovered:
D:1:      dpeg_arrival_fog, layout_loops_corners, grunt_decor_one_mirror
D:2:      cheibrodos_helix_gallery, layout_loops_ring, lemuel_blue_sif_altar,
          minitemple, evilmike_ruin_ashenzari, guppyfry_early_lair_pool
D:3:      layout_loops_ring
D:4:      layout_layer_cave, lemuel_crystal_altar, uniq_robin

Skill      XL: |  1  2  3  4 |
---------------+-------------+-----
Polearms       | 3 4 5 7 |  7.9
Fighting       | |  3.6
Armour         | |  3.6
Shields        | |  3.6

Action                   |  1- 3 |  4- 6 || total
-------------------------+-------+-------++-------
Melee: Trident           |   109 |   101 ||   210
       Headbutt          |     7 |     5 ||    12
       Kick              |     6 |    18 ||    24
  Use: Scroll            |     4 |     3 ||     7
       Potion            |     1 |     4 ||     5
 Stab: Distracted        |       |     1 ||     1
  Eat: Chunk             |     1 |     5 ||     6
Armor: Scale mail        |    17 |       ||    17
       Chain mail        |    15 |    28 ||    43
Dodge: Dodged            |    25 |    41 ||    66
Block: Kite shield       |    34 |    38 ||    72
